 Dungeon Crawl Stone Soup version 0.30-a0-782-ge64f9170bb (webtiles) character file.

Game seed: 12778739145402911037

1642 funkygono the Reanimator (level 8, 0/54 HPs)
             Began as a Demonspawn Necromancer on Mar 10, 2023.
             Slain by a gnoll
             ... wielding a +0 flail
              (4 damage)
             ... on level 6 of the Dungeon.
             The game lasted 00:15:58 (7227 turns).

funkygono the Reanimator (Demonspawn Necromancer)   Turns: 7227, Time: 00:15:59

Health: 0/54       AC: 11    Str:  6    XL:     8   Next: 67%
Magic:  16/19      EV:  9    Int: 23    God:
Gold:   368        SH:  0    Dex: 13    Spells: 8/21 levels left

rFire   + . .      SeeInvis +    o - +1 falchion of Invincibility {protect, rC+ rN+ Int+4}
rCold   + . .      Faith    .    (no shield)
rNeg    + + +      Spirit   .    a - +0 robe
rPois   +          Reflect  .    u - +0 helmet
rElec   .          Harm     .    C - +1 cloak
rCorr   .          Rampage  .    n - +1 pair of gloves
Will    .....                    f - +0 pair of boots
Stlth   ++                       (no amulet)
HPRegen 0.29/turn                c - ring "Zoyl Ir Xuro" {rPois rF+ rN++ Str-3 SInv}
MPRegen 0.16/turn                (no ring)

@: grasped by roots, constricted
A: claws 1, thin metallic scales 2, ignite blood 1, powered by pain 2
a: no special abilities


You were on level 6 of the Dungeon.
You visited 1 branch of the dungeon, and saw 6 of its levels.

You collected 368 gold pieces.

Inventory:

Hand Weapons
 g - a +4 long sword of flaming
 o - the +1 falchion of Invincibility (weapon) {protect, rC+ rN+ Int+4}
   (You found it on level 4 of the Dungeon)

   Int:       It affects your intelligence (+4).
   rC:        It protects you from cold.
   rN:        It protects you from negative energy.
 A - a +2 whip of electrocution
 B - a +4 quarterstaff of chaos
Missiles
 d - 3 throwing nets
Armour
 a - a +0 robe (worn)
 f - a +0 pair of boots (worn)
 n - a +1 pair of gloves (worn)
 u - a +0 helmet (worn)
 C - a +1 cloak (worn)
Jewellery
 c - the ring "Zoyl Ir Xuro" (left hand) {rPois rF+ rN++ Str-3 SInv}
   (You acquired it on level 2 of the Dungeon)

   [ring of protection from fire]

   Str:       It affects your strength (-3).
   rF:        It protects you from fire.
   rPois:     It protects you from poison.
   rN:        It greatly protects you from negative energy.
   SInv:      It lets you see invisible.
Wands
 k - a wand of digging (5)
 r - a wand of polymorph (1)
Scrolls
 j - 4 scrolls of poison
 l - 2 scrolls of amnesia
 m - a scroll of vulnerability
 t - 2 scrolls of identify
 v - a scroll of teleportation
 y - a scroll of fog
Potions
 b - a potion of magic
 e - 4 potions of curing
 h - 5 potions of heal wounds
 i - 2 potions of attraction
 p - a potion of degeneration {unknown}
 q - 3 potions of brilliance
 s - 2 potions of lignification
 w - a potion of mutation {unknown}
 z - a potion of haste {unknown}


   Skills:
 + Level 1.6 Fighting
 + Level 2.1 Long Blades
 + Level 3.0 Dodging
 - Level 1.7 Stealth
 + Level 7.4 Spellcasting
 + Level 8.4 Necromancy


You had 8 spell levels left.
You knew the following spells:

 Your Spells              Type           Power      Damage    Failure   Level
a - Necrotise             Necr           100%       1d9       1%          1
b - Vampiric Draining     Necr           47%        2d9       1%          3
c - Animate Dead          Necr           47%        N/A       2%          4
d - Agony                 Necr           47%        N/A       6%          5

Your spell library contained the following spells:

 Spells                   Type           Power      Damage    Failure   Level


Dungeon Overview and Level Annotations

Branches:
Dungeon (6/15)
 Temple: D:4-7

Altars:
Hepliaklqana
Nemelex Xobeh
Qazlal
Vehumet

Shops:
D:1 *

Annotations:
D:6 Pikel


Innate Abilities, Weirdness & Mutations

You have sharp fingernails.
You are mostly covered in thin metallic scales. (AC +3)
Your demonic aura sometimes causes spilled blood to erupt in flames.
You sometimes gain power by taking damage.


Message History

Unknown command.
You escape the roots grasp.
Pikel barely misses you. The gnoll attacks as you move away!
The gnoll hits you but does no damage.
A hound comes into view.
Pikel hits you but does no damage.
A hound comes into view.
The gnoll attacks as you move away! The gnoll closely misses you.
Pikel zaps a wand.
The roots erupt in riotous growth!
The grasping roots grab you!
The gnoll is unaffected.
Pikel is unaffected.
The grasping roots constrict you.
You hear a shout!
You hear a bark!
You escape the roots grasp.
Pikel hits you with a +0 whip of flaming.
Pikel attacks as you move away!
Pikel hits you with a +0 whip of flaming.
The gnoll throws a throwing net.
The throwing net hits you.
You become entangled in the net!
You see here a throwing net.
You struggle against the net.
A gnoll comes into view.
You struggle against the net.
The gnoll hits you with a +0 flail. The gnoll hits you but does no damage.
Pikel zaps a wand.
The roots erupt in riotous growth!
The grasping roots grab you!
The gnoll is unaffected.
The grasping roots constrict you.
You hear a shout!
You hear a bark!
You struggle against the net.
The gnoll hits you but does no damage.
The gnoll hits you from afar with a +0 spear.
* * * LOW HITPOINT WARNING * * *
The grasping roots constrict you!
* * * LOW HITPOINT WARNING * * *
You struggle against the net.
The gnoll barely misses you.
The gnoll hits you from afar with a +0 spear.
* * * LOW HITPOINT WARNING * * *
A gnoll comes into view. It is wielding a +0 club.
The gnoll hits you with a +1 flail of draining.
* * * LOW HITPOINT WARNING * * *
The grasping roots constrict you.
You rip the net and break free!
The gnoll hits you with a +0 flail.
You die...

##.# +..+.._..+ #.#
#..#.....# #.#
#..#+###+# #.# #..#
# #.# + # #.# ..
#.# ... #.# +##+
.... #@####### ....
..... ##ggh.....
....
###...####Kgh.....#
....
..........gg.#...##
....
.........gg.##..##
....
................#
....
.................
....
#............##...
#... ##.......#..##
.h


You could see Pikel, 2 hounds and 7 gnolls.

Vanquished Creatures
  Prince Ribbit (D:6)
  An ice beast (D:6)
  A wolf (D:5)
  4 lemures (D:5)
  A phantom (D:6)
  A centaur (D:5)
  A gnoll sergeant (D:6)
  2 scorpions
  A jelly (D:4)
  A howler monkey (D:5)
  4 hounds
  An orc priest (D:4)
  Crazy Yiuf (D:4)
  3 gnoll boudas
  3 iguanas
  An orc wizard (D:3)
  Robin (D:4)
  14 gnolls
  6 adders
  A white imp (D:5)
  An ufetubus (D:5)
  3 worms
  2 dart slugs
  12 orcs
  5 ball pythons
  4 endoplasms
  A giant cockroach (D:1)
  10 goblins
  7 hobgoblins
  6 jackals
  7 kobolds
  3 quokkas
  6 bats
  4 frilled lizards
  5 rats
125 creatures vanquished.

Vanquished Creatures (collateral kills)
  A phantom (D:6)
  A gnoll bouda (D:6)
  An iguana (D:6)
  4 gnolls
  An orc (D:3)
  A ball python (D:1)
  3 goblins
  A hobgoblin (D:1)
  A bat (D:2)
14 creatures vanquished.

Grand Total: 139 creatures vanquished

Notes
Turn   | Place    | Note
-------+----------+-------------------------------------------
     0 | D:1      | funkygono the Demonspawn Necromancer began the quest for
                  | the Orb.
     0 | D:1      | Reached XP level 1. HP: 13/13 MP: 3/3
   338 | D:1      | Gained mutation: You are partially covered in thin metallic
                  | scales. (AC +2) [demonic ancestry]
   338 | D:1      | Reached XP level 2. HP: 19/19 MP: 1/5
   384 | D:1      | Found a faded altar of an unknown god.
   538 | D:1      | Found Hokovug's General Store.
   607 | D:1      | Reached skill level 5 in Necromancy
   838 | D:1      | Gained mutation: You are mostly covered in thin metallic
                  | scales. (AC +3) [demonic ancestry]
   838 | D:1      | Reached XP level 3. HP: 24/24 MP: 1/6
   851 | D:1      | Learned a level 3 spell: Vampiric Draining
  1458 | D:2      | Found a stormy altar of Qazlal.
  1766 | D:2      | Identified the +1 robe of the Dolphin {*Slow +Inv SInv}
  2006 | D:2      | Gained mutation: You sometimes gain a little power by
                  | taking damage. [demonic ancestry]
  2006 | D:2      | Reached XP level 4. HP: 30/30 MP: 6/8
  2358 | D:2      | Identified 2 scrolls of acquirement
  2358 | D:2      | Acquired the ring "Zoyl Ir Xuro" {rPois rF+ rN++ Str-3
                  | SInv}
  2361 | D:2      | Acquired a +3 long sword of draining
  2464 | D:2      | Learned a level 4 spell: Animate Dead
  3040 | D:4      | Identified the +1 falchion of Invincibility {protect, rC+
                  | rN+ Int+4}
  3051 | D:4      | Noticed Robin
  3066 | D:4      | Killed Robin
  3067 | D:4      | Gained mutation: You sometimes gain power by taking damage.
                  | [demonic ancestry]
  3067 | D:4      | Reached XP level 5. HP: 28/35 MP: 3/10
  3165 | D:4      | Found a radiant altar of Vehumet.
  3657 | D:4      | Reached XP level 6. HP: 41/41 MP: 7/13
  3819 | D:4      | Found a runed translucent door.
  3820 | D:4      | Noticed Crazy Yiuf
  3931 | D:4      | Reached skill level 6 in Necromancy
  4179 | D:4      | Reached skill level 5 in Spellcasting
  4704 | D:4      | Killed Crazy Yiuf
  4771 | D:5      | Entered Level 5 of the Dungeon
  4810 | D:5      | Gained mutation: You have sharp fingernails. [demonic
                  | ancestry]
  4810 | D:5      | Reached XP level 7. HP: 29/46 MP: 7/15
  5050 | D:5      | Found a stormy altar of Qazlal.
  5106 | D:5      | Noticed Pikel
  5469 | D:5      | Reached skill level 1 in Long Blades
  5527 | D:5      | Found a sparkling altar of Nemelex Xobeh.
  5546 | D:5      | Reached skill level 7 in Necromancy
  6565 | D:6      | Reached skill level 1 in Fighting
  6724 | D:5      | Gained mutation: Your demonic aura sometimes causes spilled
                  | blood to erupt in flames. [demonic ancestry]
  6724 | D:5      | Reached XP level 8. HP: 23/54 MP: 9/17
  6945 | D:6      | Noticed Prince Ribbit
  6975 | D:6      | Killed Prince Ribbit
  6976 | D:6      | Reached skill level 8 in Necromancy
  7096 | D:6      | Found a hazy altar of Hepliaklqana.
  7146 | D:6      | Learned a level 5 spell: Agony
  7227 | D:6      | Slain by a gnoll

Illustrated notes

Levels and vault maps discovered:
D:1:      dpeg_arrival_three_bigger_balls, layout_basic,
          chequers_ecumenical_altar_simple_redux, serial_shops, shop
D:2:      layout_loops_corners, basic_altar
D:3:      layout_rooms, zin_academy
D:4:      layout_basic, old_standard_altar, kennysheep_minor_cross, uniq_robin,
          uniq_crazy_yiuf_cottage
D:5:      layout_basic, grunt_qazlal_sundering, lemuel_round_altar,
          amcnicky_altar_gilded, uniq_pikel
D:6:      layout_cave_pools, grunt_dithmenos_shadows,
          mainiacjoe_overflow_cross_hatched, mainiacjoe_overflow_24_doors,
          general_overflow_altar, serial_gnoll_camp, gnoll_camp_huts_basic,
          gnoll_camp_medium_02, gnoll_camp_mini_basic, grums_kennel,
          uniq_prince_ribbit1

Skill      XL: |  1  2  3  4  5  6  7  8 |
---------------+-------------------------+-----
Necromancy     | 5 6 7 8 |  8.4
Dodging        | 2 3 |  3.0
Spellcasting   | 3 4 5 6 7 |  7.4
Long Blades    | 2 |  2.1
Fighting       | 1 |  1.6
Stealth        | |  1.7

Action                     |  1- 3 |  4- 6 |  7- 9 || total
---------------------------+-------+-------+-------++-------
  Melee: Unarmed           |     9 |       |       ||     9
         Whip              |     2 |       |       ||     2
         Punch             |     1 |       |       ||     1
         Long sword        |       |     7 |       ||     7
         Falchion          |       |    13 |   155 ||   168
   Cast: Necrotise         |    60 |   110 |   119 ||   289
         Vampiric Draining |       |     6 |    10 ||    16
         Animate Dead      |       |     1 |     2 ||     3
    Use: Scroll            |       |    18 |     2 ||    20
   Stab: Sleeping          |       |       |     1 ||     1
 Armour: Robe              |    11 |    29 |   150 ||   190
  Dodge: Dodged            |    30 |    33 |   144 ||   207

Table legend: (Time is in decaauts)
 A = Elapsed time spent in this place.
 B = Non-inter-level travel time spent in this place.
 C = Inter-level travel time spent in this place.
 D = Time resting spent in this place.
 E = Time spent auto-exploring this place.
 F = Levels seen in this place.
 G = Mean time per level.
                   A        B        C        D        E       F      G
               +--------+--------+--------+--------+--------+-----+--------+
         Total |   7271 |   7163 |    108 |    261 |   5689 |   6 | 1211.8 |
       Dungeon |   7271 |   7163 |    108 |    261 |   5689 |   6 | 1211.8 |
               +--------+--------+--------+--------+--------+-----+--------+

Top non-repeatable levels by time:
     D:4: 1886 daAuts
     D:5: 1759 daAuts
     D:1: 1315 daAuts
     D:2: 1153 daAuts
     D:6: 585 daAuts
     D:3: 570 daAuts
